AoeStats
← KNTQ1840

Hideout

510264191Analyzed
1v1 RM · 2d ago on Sep 30, 2026· 36m 49s· 2 players
Game mode
Random Map
Map size
Tiny (2 player)
Population
200
Speed
Normal
Resources
Standard
Victory
Conquest
Starting age
Dark Age
Ending age
Imperial Age
RankedLock teamsTeams togetherTeam positionsShared explorationLock speedFull tech treeHidden civsTurbo modeCheats
Victory
Defeat
🇨🇳 Turks · China
1040
+18
🇧🇪 Japanese · Belgium
1087
-24
KNTQ1840
9:00 Loom
11:51 Feudal Age
12:04 Man-at-Arms
12:51 Double-Bit Axe
25:37 Castle Age
25:43 Castle Age
24:12 Gold Mining
24:07 Horse Collar
27:49 Fletching
28:29 Bow Saw
29:03 Bloodlines
29:41 Bodkin Arrow
31:43 Husbandry
33:47 Wheelbarrow
33:49 Ballistics
34:01 Padded Archer Armor
35:05 Thumb Ring
008
9:48 Feudal Age
10:02 Man-at-Arms
23:17 Castle Age
24:11 Squires
23:32 Long Swordsman
30:20 Imperial Age
28:34 Forging
29:16 Husbandry
30:15 Scale Barding Armor
30:11 Scale Mail Armor
Connection lost

Rejoining the realm…

Still unreachable

The connection could not be restored.

Session expired

The server has moved on; the page needs a fresh start.